 Dungeon Crawl Stone Soup version 0.29.1-15-g9cfb28693d (webtiles) character file.

Game seed: 9824621267585202501

1504284 TittyCrusher the Ghoulish Blade (level 27, 253/259 HPs)
             Began as a Ghoul Wanderer on Mar 2, 2023.
             Was an Initiate of Yredelemnul.
             Escaped with the Orb
             ... and 3 runes on Mar 4, 2023!
             The game lasted 06:21:27 (95729 turns).

TittyCrusher the Ghoulish Blade (Ghoul Wanderer)   Turns: 95729, Time: 06:21:27

Health: 253/259    AC: 49    Str: 29    XL:     27
Magic:  44/44      EV: 16    Int: 12    God:    Yredelemnul [......]
Gold:   3055       SH: 28    Dex: 23    Spells: 35/39 levels left

rFire   + . .      SeeInvis +   d - +9 double sword "Ymifuyr" {flame, rElec MP+9 Int+3}
rCold   + + .      Faith    .   s - +4 kite shield
rNeg    + + +      Spirit   +   T - +8 orange crystal plate armour {Archmagi, Int+3 Clar}
rPois   ∞          Reflect  .   k - +2 helmet {Int+3}
rElec   +          Harm     .   O - +2 cloak {rF+}
rCorr   .          Rampage  .   h - +2 pair of gloves {Dex+3}
Will    ++++.      Archmagi +   F - +2 pair of boots {Fly}
Stlth   .......... Clarity  +   X - brooch of Shielding {Spirit SH+8}
HPRegen 0.53/turn               z - ring "Osiuf" {rC+ Will+ SInv}
MPRegen 0.29/turn               R - ring of Naasen {rPois Will+ Str+6 Int-4 Dex+5}

@: flying, studying 2 skills
A: claws 1, cold resistance 1, negative energy resistance 3, inhibited
regeneration, torment resistance 2, devour on kill
0: Orb of Zot
}: 3/15 runes: decaying, serpentine, silver
a: Renounce Religion, Recall Undead Harvest


You escaped.
You worshipped Yredelemnul.
Yredelemnul was most pleased with you.
You visited 11 branches of the dungeon, and saw 51 of its levels.
You visited 1 ziggurat, and saw 10 of its levels.
You also visited: Trove, Sewer and Wizlab.

You collected 8555 gold pieces.
You spent 5500 gold pieces at shops.

Inventory:

Hand Weapons
 a - the +10 double sword "Jellyslayer" {drain, rElec Int+2 Stlth-}
   (You found it in a treasure trove)

   A truly terrible weapon, it drains the life of any living foe it strikes.
   Int:       It affects your intelligence (+2).
   rElec:     It insulates you from electricity.
   Stlth:     It makes you less stealthy.
 b - a +9 vampiric double sword
 d - the +9 double sword "Ymifuyr" (weapon) {flame, rElec MP+9 Int+3}
   (You found it in a treasure trove)

   It burns those it strikes, dealing additional fire damage.
   Big, fiery blades are also staple armaments of hydra-hunters.
   Int:       It affects your intelligence (+3).
   rElec:     It insulates you from electricity.
   MP:        It affects your magic capacity (+9).
 W - a +6 double sword of freezing
Armour
 h - a +2 pair of gloves of dexterity (worn)
 k - a +2 helmet of intelligence (worn)
 s - a +4 kite shield (worn)
 t - a +5 tower shield of fire resistance
 F - a +2 pair of boots of flying (worn)
 O - a +2 cloak of fire resistance (worn)
 T - the +8 orange crystal plate armour (worn) {Archmagi, Int+3 Clar}
   (You found it on level 1 of the Crypt)

   Int:       It affects your intelligence (+3).
   Clar:      It protects you against confusion.
Jewellery
 p - the ring "Waysud" {EV+4 Dex+6}
   (You acquired it on level 4 of the Realm of Zot)

   [ring of evasion]

   EV:        It affects your evasion (+4).
   Dex:       It affects your dexterity (+6).
 z - the ring "Osiuf" (left hand) {rC+ Will+ SInv}
   (You found it on level 3 of the Crypt)

   [ring of willpower]

   rC:        It protects you from cold.
   SInv:      It lets you see invisible.
   Will:      It increases your willpower.
 B - the amulet "Juituik" {Reflect rElec rF+ Str+2 SH+5}
   (You found it on level 6 of a ziggurat)

   [amulet of reflection]

   It reflects blocked missile attacks.
   Str:       It affects your strength (+2).
   rF:        It protects you from fire.
   rElec:     It insulates you from electricity.
   SH:        It affects your SH (+5).
 I - the ring "Rafiy" {rF+ Will+ MP+9 Slay+2}
   (You found it on level 1 of the Swamp)

   [ring of protection from fire]

   Slay:      It affects your accuracy & damage with ranged weapons and melee
   (+2).
   rF:        It protects you from fire.
   MP:        It affects your magic capacity (+9).
   Will:      It increases your willpower.
 K - the ring "Jicyolui" {+Blink Will+ Dex+2}
   (You found it on level 1 of the Elven Halls)

   [ring of willpower]

   Dex:       It affects your dexterity (+2).
   +Blink:    It lets you blink.
   Will:      It increases your willpower.
 N - the ring of Cofipp {rElec rF+ rC+ rN++ Str-4}
   (You took it off a deep elf high priest on level 3 of the Elven Halls)

   [ring of protection from cold]

   Str:       It affects your strength (-4).
   rF:        It protects you from fire.
   rC:        It protects you from cold.
   rElec:     It insulates you from electricity.
   rN:        It greatly protects you from negative energy.
 R - the ring of Naasen (right hand) {rPois Will+ Str+6 Int-4 Dex+5}
   (You bought it in a shop on level 2 of the Dungeon)

   [ring of strength]

   Str:       It affects your strength (+6).
   Int:       It affects your intelligence (-4).
   Dex:       It affects your dexterity (+5).
   rPois:     It protects you from poison.
   Will:      It increases your willpower.
 X - the brooch of Shielding (around neck) {Spirit SH+8}
   (You found it on level 10 of a ziggurat)

   [amulet of guardian spirit]

   It causes incoming damage to be divided between your reserves of health and
   magic.
   SH:        It affects your SH (+8).
 Y - a ring of resist corrosion
Wands
 i - a wand of flame (7)
 n - a wand of charming (43)
 o - a wand of digging (11)
 D - a wand of mindburst (22)
 P - a wand of polymorph (12)
 V - a wand of roots (67)
Scrolls
 e - 16 scrolls of teleportation
 j - 10 scrolls of immolation
 u - 4 scrolls of blinking
 v - a scroll of magic mapping
 w - a scroll of amnesia
 A - 4 scrolls of torment
 E - 9 scrolls of vulnerability
 G - a scroll of summoning
 J - 11 scrolls of fear
 Q - 6 scrolls of fog
Potions
 c - 3 potions of invisibility
 f - 9 potions of heal wounds
 g - 11 potions of brilliance
 q - 2 potions of resistance
 r - 19 potions of curing
 x - 9 potions of flight
 C - 5 potions of magic
 L - a potion of ambrosia
 S - 9 potions of attraction
 U - 5 potions of cancellation
Miscellaneous
 l - a box of beasts
 m - a condenser vane (inert)
 H - a tin of tremorstones (2/2)
 Z - a lightning rod (4/4)


   Skills:
 + Level 23.5 Fighting
 - Level 25.4 Long Blades
 - Level 2.6 Throwing
 - Level 19.3 Armour
 - Level 17.0 Dodging
 - Level 1.1 Stealth
 - Level 16.9 Shields
 - Level 6.8 Spellcasting
 - Level 10.1 Translocations
 - Level 2.1 Ice Magic
 - Level 18.4 Invocations
 - Level 10.3 Evocations


You had 35 spell levels left.
You knew the following spells:

 Your Spells              Type           Power      Damage    Failure   Level
a - Freeze                Ice            56%        1d7       77%         1
b - Blink                 Tloc           84%        N/A       8%          2
c - Apportation           Tloc           84%        N/A       4%          1

Your spell library contained the following spells:

 Spells                   Type           Power      Damage    Failure   Level
 Gell's Gravitas          Tloc           42%        N/A       14%         3
 Lesser Beckoning         Tloc           42%        N/A       14%         3
 Teleport Other           Tloc           42%        N/A       14%         3
 Passage of Golubria      Tloc           42%        N/A       43%         4
 Portal Projectile        Hex/Tloc       48%        N/A       75%         3
 Manifold Assault         Tloc           42%        N/A       80%         5
 Ensorcelled Hibernation  Hex/Ice        20%        N/A       96%         2
 Foxfire                  Conj/Fire      24%        2x1d5     97%         1
 Necrotise                Necr           24%        1d5       97%         1
 Slow                     Hex            24%        N/A       97%         1
 Sting                    Tmut/Pois      24%        1d4       97%         1
 Summon Small Mammal      Summ           24%        N/A       97%         1
 Frozen Ramparts          Ice            28%        1d5       98%         3
 Ozocubu's Armour         Ice            14%        N/A       98%         3
 Iskenderun's Mystic Bla  Conj/Tloc      24%        2d7       98%         4
 Passwall                 Tmut/Erth      5%         N/A       99%         2
 Call Canine Familiar     Summ           6%         N/A       100%        3
 Confusing Touch          Hex            6%         N/A       100%        3
 Conjure Flame            Conj/Fire      6%         6-21      100%        3
 Dazzling Flash           Conj/Hex       12%        N/A       100%        3
 Ignite Poison            Fire/Tmut/Pois 6%         N/A       100%        3
 Inner Flame              Hex/Fire       6%         N/A       100%        3
 Summon Guardian Golem    Hex/Summ       6%         N/A       100%        3
 Swiftness                Air            6%         N/A       100%        3
 Tukima's Dance           Hex            6%         N/A       100%        3
 Vampiric Draining        Necr           6%         2d6       100%        3
 Airstrike                Air            3%         2d(1-17)  100%        4
 Anguish                  Hex/Necr       3%         N/A       100%        4
 Cause Fear               Hex            3%         N/A       100%        4
 Flame Wave               Conj/Fire      6%         2d5       100%        4
 Fulminant Prism          Conj/Hex       3%         3d6       100%        4
 Hailstorm                Conj/Ice       10%        3d5       100%        4
 Olgreb's Toxic Radiance  Pois           6%         N/A       100%        4
 Petrify                  Tmut/Erth      6%         N/A       100%        4
 Sticky Flame             Conj/Fire      6%         2d3       100%        4
 Summon Lightning Spire   Summ/Air       6%         N/A       100%        4
 Agony                    Necr           6%         N/A       100%        5
 Alistair's Intoxication  Tmut/Pois      4%         N/A       100%        5
 Borgnjor's Vile Clutch   Necr/Erth      3%         N/A       100%        5
 Fireball                 Conj/Fire      3%         3d4       100%        5
 Freezing Cloud           Conj/Ice/Air   4%         6-21      100%        5
 Irradiate                Conj/Tmut      3%         3d12      100%        5
 Lee's Rapid Deconstruct  Erth           3%         3d6*      100%        5
 Lightning Bolt           Conj/Air       3%         1d14      100%        5
 Silence                  Hex/Air        3%         N/A       100%        5
 Summon Forest            Summ/Tloc      12%        N/A       100%        5
 Summon Mana Viper        Hex/Summ       6%         N/A       100%        5
 Yara's Violent Unravell  Hex/Tmut       3%         3d4       100%        5
 Dispersal                Tloc           21%        N/A       100%        6
 Eringya's Noxious Bog    Tmut/Pois      3%         N/A       100%        6
 Starburst                Conj/Fire      3%         6d3       100%        6
 Summon Cactus Giant      Summ           3%         N/A       100%        6
 Enfeeble                 Hex            3%         N/A       100%        7
 Haunt                    Necr/Summ      3%         N/A       100%        7
 Malign Gateway           Summ/Tloc      12%        N/A       100%        7
 Monstrous Menagerie      Summ           3%         N/A       100%        7
 Orb of Destruction       Conj           3%         9d5       100%        7
 Ozocubu's Refrigeration  Ice            7%         4d9       100%        7
 Spellforged Servitor     Conj/Summ      3%         N/A       100%        7
 Disjunction              Tloc           21%        N/A       100%        8
 Ignition                 Fire           3%         3d4       100%        8
 Lehudib's Crystal Spear  Conj/Erth      3%         10d2      100%        8
 Maxwell's Capacitive Co  Air            3%         ∞         100%        8
 Chain Lightning          Conj/Air       3%         3d4       100%        9
 Fire Storm               Conj/Fire      3%         8d1       100%        9
 Polar Vortex             Ice            7%         N/A       100%        9
 Shatter                  Erth           3%         3d7*      100%        9
 Sublimation of Blood     Necr           Unusable   N/A       N/A         2
 Animate Dead             Necr           Unusable   N/A       N/A         4
 Ice Form                 Ice/Tmut       Unusable   N/A       N/A         4
 Blade Hands              Tmut           Unusable   N/A       N/A         5
 Simulacrum               Ice/Necr       Unusable   N/A       N/A         6
 Storm Form               Tmut/Air       Unusable   N/A       N/A         7

Dungeon Overview and Level Annotations

Branches:
Dungeon (15/15)            Temple (1/1) D:5            Lair (5/5) D:8
  Swamp (4/4) Lair:3        Snake (4/4) Lair:2        Slime (0/5) Lair:5
    Orc (2/2) D:9             Elf (3/3) Orc:2        Vaults (5/5) D:14
  Crypt (3/3) Vaults:2       Tomb (0/3) Crypt:3      Depths (4/4) D:15
    Zot (5/5) Depths:4      Sewer (visited)          WizLab (visited)

Altars:
Ashenzari
Cheibriados
Dithmenos
Fedhas
Gozag
Hepliaklqana
Kikubaaqudgha
Makhleb
Nemelex Xobeh
Okawaru
Qazlal
Ru
Sif Muna
Trog
Uskayaw
Vehumet
Wu Jian
Xom
Yredelemnul
Jiyva
Lugonu

Shops:
D:2 =   D:5 *(   D:7 (?   D:9 *   Orc:1 *   Orc:2 !?[**   Elf:1 (   Snake:2 !
Snake:3 ?   Snake:4 *   Vaults:1 [   Vaults:5 *   Depths:1 *

Portals:
Hell: Depths:1 Depths:2 Depths:3 Depths:4
Abyss: Depths:2 Depths:3
Pandemonium: Depths:2

Annotations:
D:10 exclusion: orange crystal statue
Vaults:2 exclusion: obsidian statue
Zot:3 6 transporters


Innate Abilities, Weirdness & Mutations

You are immune to poison.
You have sharp fingernails.
Your flesh is cold resistant. (rC+)
You are immune to negative energy. (rN+++)
You do not regenerate when monsters are visible.
You are immune to unholy pain and torment.
You thrive by killing the living.


Message History

You see here a +0 club.
A chaos spawn comes into view.
You see here a +0 dagger.
There is a stone staircase leading up here.
You fly upwards.
There is a stone staircase leading down here.
Things that are here:
a +0 robe; a +1 spear
There is a stone staircase leading up here.
You fly upwards.
There is a stone staircase leading down here.
There is a stone staircase leading up here.
You fly upwards.
There is a stone staircase leading down here.
An Orb Guardian comes into view.
There is a stone staircase leading up here.
You fly upwards.
There is a stone staircase leading down here.
There is a stone staircase leading up here.
You fly upwards.
There is a stone staircase leading down here.
There is an escape hatch in the ceiling here.
A mysterious force pulls you upwards. The hatch slams shut behind you.
There is a stone staircase leading up here.
You fly upwards.
There is a stone staircase leading down here.
You reach down and open the door.
A rat comes into view.
You block the rat's attack.
There is an open door here.
You barely miss the rat. You slice the rat!! You burn the rat.
You kill the rat!
Aiming: Dig
Press: ? - help, Shift-Dir - straight line, f - you Please select a direction to dig.
This square is covered in magical glow.
The rock shatters into small pieces.
There is a staircase leading out of the dungeon here.
You have escaped!

####.............#.#+###.........
#.............'.....#.....###'
#####.........#.....#.....# #.
###########.....#.....# #.
#...........# ## #..[...#+####
##.#.##.....#####
♣♣♣♣♣♣♣♣♣♣..#.####........
♣♣.....♣#.@♣.#.# ##...#... ####
♣♣..........♣.#.# ###...#... ...#
♣....♣.♣...♣#.#.# #.+...+...
...##♣.....⌠.....♣...# #.#...#...
...+.♣....♣.♣....♣#..###'#####...
...#.♣♣.........♣♣.........######
...#.#♣♣.......♣♣#.........'.....
##.#.##♣♣♣...♣♣♣ #.........######
........#.)...## #.........'..#


There were no monsters in sight!

Vanquished Creatures
  6 ancient liches
  3 dread liches
  Khufu (Crypt:1)
  2 orbs of fire (Zot:5)
  Boris (twice) (Vaults:3 Depths:2)
  2 royal mummies (Crypt:1)
  Josephina (Crypt:3)
  Saint Roka (Crypt:3)
  Vv (Zot:3)
  A shard shrike (Zig:3)
  Vashnia (Snake:4)
  7 Killer Klowns
  A curse toe (Zot:3)
  Xtahua (Vaults:4)
  6 golden dragons
  3 bone dragons
  2 walking crystal tomes
  2 electric golems
  A hellephant (Depths:1)
  2 liches
  15 tentacled monstrosities
  12 Orb Guardians
  The ghost of Jingleheimer the Warrior, an adept MiFi of the Shining One (Snake:4)
  2 shard shrike skeletons
  Zenata (Vaults:1)
  2 deep elf blademasters
  2 quicksilver dragons
  2 titans (Vaults:5)
  3 deep elf master archers
  14 ancient champions
  3 death cobs
  4 sphinxes
  Frances (D:14)
  6 revenants
  11 shadow dragons
  14 storm dragons
  5 tengu reavers
  An azure jelly (Swamp:4)
  3 draconian knights
  7 fire giants
  4 draconian monks
  7 deep elf sorcerers (Elf:3)
  7 frost giants
  2 fenstrider witches
  An orc warlord (Vaults:4)
  Louise (Swamp:2)
  A spectral tentacled monstrosity (Zot:1)
  A deep elf elementalist (Elf:3)
  16 vault wardens
  5 draconian scorchers
  8 spectral caustic shrikes
  6 draconian shifters
  6 ghost moths
  2 curse skulls
  8 ghouls
  5 draconian annihilators
  6 ironbound thunderhulks
  15 ironbound preservers
  A spriggan defender (Depths:3)
  4 caustic shrike skeletons (Crypt:3)
  33 very ugly things
  5 draconian stormcallers
  9 vampire knights
  9 green draconians
  13 stone giants
  6 war gargoyles
  An eleionoma (Swamp:1)
  2 bennus (Zig:5)
  An entropy weaver (shapeshifter) (Vaults:5)
  6 deep elf demonologists
  3 entropy weavers
  4 deep elf annihilators
  4 bunyips
  9 purple draconians
  10 yellow draconians
  5 black draconians
  A spectral titan (WizLab)
  15 red draconians
  A minotaur (shapeshifter) (Vaults:5)
  5 halazid warlocks (WizLab)
  6 spark wasps
  13 white draconians
  6 dire elephants
  A blizzard demon (Depths:2)
  15 eidola
  10 ettins
  2 quicksilver dragon zombies (WizLab)
  A shambling mangrove (Swamp:1)
  A merfolk javelineer (Depths:4)
  13 deep elf death magi
  A mummy priest (Zig:5)
  14 yaktaur captains
  12 jiangshi
  8 fire dragons
  4 rakshasas
  5 great orbs of eyes
  11 ice dragons
  8 deep elf high priests
  2 quicksilver dragon skeletons (Crypt:3)
  7 boulder beetles
  10 hydras
  Harold (Orc:1)
  2 salamander tyrants
  40 vault guards
  2 peacekeepers
  9 spriggan air magi
  A ghost crab (Swamp:4)
  5 ironbound frosthearts
  10 centaur warriors
  3 two-headed ogres
  2 spriggan skeletons (Crypt:3)
  3 deep troll shamans
  A fenstrider witch skeleton (Crypt:1)
  A merfolk aquamancer (Zig:6)
  An ogre mage (Vaults:5)
  7 naga warriors
  An alligator snapping turtle (Zig:6)
  6 alligators
  3 tengu warriors
  A death knight (Crypt:3)
  7 anacondas
  24 dancing weapons
  A hell hog (D:11)
  7 deep troll earth magi
  4 vampire magi
  2 titan zombies (Crypt:1)
  A death yak (Lair:5)
  4 shock serpents
  12 naga sharpshooters
  7 spriggan berserkers
  3 sun demons
  3 titan skeletons (Crypt:3)
  13 deep elf knights
  A fire crab (shapeshifter) (Elf:3)
  8 hell knights
  A storm dragon zombie (Crypt:1)
  A sixfirhy (Depths:2)
  3 soul eaters
  A spark wasp zombie (WizLab)
  5 salamander mystics (Snake:4)
  35 skeletal warriors
  A fire crab (Lair:5)
  4 goliath frogs
  2 iron trolls (Depths:4)
  5 glowing orange brains
  A golden dragon zombie (Zig:5)
  A storm dragon skeleton (Crypt:1)
  4 sea snakes
  9 flayed ghosts
  A steelbarb worm (Zig:7)
  A death drake (Swamp:1)
  9 shadow wraiths
  2 orb spiders
  58 deep trolls
  A spriggan druid (Swamp:4)
  2 swamp dragons
  A spriggan rider (Depths:4)
  An elf simulacrum (Crypt:3)
  A spriggan simulacrum (Crypt:3)
  6 bog bodies
  9 naga ritualists
  A shadow dragon zombie (Crypt:2)
  9 deep elf archers
  4 harpies (Zig:6)
  8 wizards
  20 ironbound convokers
  2 anaconda skeletons
  17 deep elf zephyrmancers
  26 deep elf pyromancers
  6 necromancers
  11 lindwurms
  A wolf spider zombie (WizLab)
  3 bunyip skeletons
  A golden dragon skeleton (Crypt:2)
  18 phantasmal warriors
  6 orc knights
  A frost giant zombie (Crypt:2)
  3 ugly thing zombies
  A shadow dragon skeleton (Crypt:3)
  9 salamanders
  2 spectral spriggans (WizLab)
  6 mana vipers
  3 manticores
  4 orc sorcerers
  42 ugly things
  A faun (shapeshifter) (Zig:8)
  2 wolf spiders
  5 cyclopes
  2 draconian zombies (Zot:2)
  5 will-o-the-wisps
  16 moths of wrath
  A sphinx skeleton (Crypt:1)
  A salamander (shapeshifter) (D:15)
  3 elephants (Lair:4)
  A goliath frog skeleton (Crypt:1)
  3 water nymphs (Zig:6)
  25 black mambas
  9 guardian serpents
  12 naga magi
  5 torpor snails
  2 centaur skeletons (Crypt:3)
  24 vault sentinels
  A torpor snail (shapeshifter) (Vaults:1)
  7 cane toads
  A red draconian zombie (Zot:2)
  An efreet (D:13)
  2 purple draconian zombies
  A rime drake (Lair:5)
  A demonic crawler (Zig:7)
  3 human zombies
  2 kobold demonologists
  9 komodo dragons
  6 freezing wraiths
  2 white draconian zombies (Zot:1)
  17 yaktaurs
  3 tengu conjurers
  A green draconian skeleton (Crypt:3)
  An ice devil (Depths:2)
  4 merfolk (Zig:6)
  2 guardian mummies (Zig:5)
  2 trolls
  A hydra zombie (Crypt:3)
  A purple draconian skeleton (Crypt:3)
  13 hornets
  A polar bear (Lair:4)
  6 tyrant leeches
  A culicivora zombie (Zig:7)
  7 blink frogs
  4 harpy skeletons (Crypt:3)
  20 slime creatures
  A wind drake (shapeshifter) (D:15)
  2 hydra skeletons (Crypt:3)
  A raiju (shapeshifter) (D:14)
  A radroach zombie (Crypt:3)
  9 dream sheep
  3 air elementals
  A culicivora (Zig:7)
  22 flying skulls
  3 centaur simulacra
  An ettin skeleton (Crypt:3)
  4 spriggans
  A ynoxinul (Depths:2)
  15 water elementals
  A jumping spider (Zig:7)
  6 wyverns
  A slime creature zombie (Crypt:3)
  4 vampires
  A basilisk (Lair:4)
  A human (shapeshifter) (Zig:8)
  A tyrant leech zombie (Crypt:2)
  A wind drake zombie (Crypt:2)
  6 wraiths
  A basilisk (shapeshifter) (D:14)
  40 yaks
  A human (D:14)
  6 redbacks
  21 vampire mosquitoes
  3 swamp worm simulacra (Swamp:4)
  A wind drake skeleton (Crypt:1)
  A human simulacrum (Vaults:1)
  3 steam dragons
  2 wargs
  12 swamp worms
  A harpy simulacrum (Crypt:3)
  27 nagas
  13 water moccasins
  7 hydra simulacra (Swamp:4)
  2 acid dragons (D:11)
  2 floating eyes
  A naga skeleton (Crypt:3)
  A black bear (shapeshifter) (D:14)
  2 black bears
  32 orc warriors
  3 lindwurm zombies (Vaults:1)
  An ice beast (D:8)
  9 ogres
  A sky beast (D:7)
  A black mamba simulacrum (Crypt:3)
  5 boggarts
  24 centaurs
  6 phantoms
  8 wolves
  9 kobold brigands
  A salamander zombie (Snake:4)
  A komodo dragon zombie (Crypt:2)
  3 yaktaur zombies (Vaults:1)
  5 bullfrogs
  5 necrophages
  2 scorpions
  2 human skeletons (Vaults:1)
  A spectral warg (Crypt:3)
  22 wights
  2 naga zombies
  7 killer bees
  A raiju zombie (Crypt:3)
  2 spriggan zombies
  3 troll zombies (D:9)
  A yak zombie (Crypt:2)
  A howler monkey (D:14)
  2 hounds
  A hound (shapeshifter) (Vaults:5)
  16 orc priests
  3 gnoll boudas (D:10)
  5 jellies
  3 iguanas
  12 orc wizards
  A hell rat (Lair:4)
  A merfolk avatar (Sewer)
  A merfolk siren (Sewer)
  3 ogre zombies (D:9)
  An acid dragon skeleton (Crypt:1)
  5 mummies
  24 gnolls
  9 river rats
  7 adders
  A swamp drake skeleton (Crypt:1)
  A shadow imp (D:6)
  A swamp drake simulacrum (Swamp:4)
  An ufetubus (D:5)
  A jelly zombie (Crypt:3)
  A worm (D:7)
  A dart slug (D:3)
  47 orcs
  5 endoplasms
  12 giant cockroaches
  5 goblins
  4 hobgoblins
  6 jackals
  14 kobolds
  5 quokkas
  11 ball pythons
  3 bats
  7 frilled lizards
  A goblin skeleton (D:9)
  2 goblin zombies (D:9)
  A hobgoblin skeleton (D:9)
  2 hobgoblin zombies (D:9)
  4 orc skeletons (D:9)
  12 orc zombies (D:9)
  A quokka zombie (D:5)
  25 rats
  A rat zombie (D:5)
  4 spectral orcs (Crypt:3)
  2 briar patches (Swamp:1)
2021 creatures vanquished.

Vanquished Creatures (collateral kills)
  2 dread liches
  An ancient lich (Zot:5)
  An orb of fire (Zot:5)
  Sojobo (Depths:3)
  2 golden dragons (Zot:3)
  Jory (Depths:2)
  An electric golem (Zot:5)
  Mlioglotl (Swamp:2)
  14 Orb Guardians (Zot:5)
  A tentacled monstrosity (Zot:1)
  A walking divine tome (Depths:3)
  A walking frostbound tome (Depths:3)
  2 sphinxes
  A tengu reaver (Vaults:5)
  2 death cobs
  2 shadow dragons
  Agnes (Snake:3)
  A revenant (WizLab)
  4 storm dragons
  2 nagarajas (Snake:4)
  A fire giant (Depths:2)
  A draconian knight (Zot:1)
  An iron dragon (Depths:1)
  A vault warden (Vaults:5)
  A deep elf sorcerer (Depths:3)
  Aizul (Snake:3)
  A ghost moth (Depths:2)
  A draconian scorcher (Zot:1)
  2 draconian shifters
  A draconian annihilator (Zot:2)
  A war gargoyle (Vaults:5)
  6 ironbound preservers
  An ironbound thunderhulk (Vaults:4)
  A caustic shrike skeleton (Crypt:3)
  6 very ugly things
  2 stone giants
  2 eleionomae
  A vampire knight (Vaults:2)
  A black draconian (Zot:4)
  A deep elf annihilator (Elf:3)
  A bunyip (Swamp:3)
  A white draconian (Zot:2)
  A halazid warlock (WizLab)
  3 purple draconians
  A wendigo (Zig:3)
  A red draconian (Zot:1)
  A yellow draconian (Zot:3)
  A very ugly thing zombie (Depths:3)
  3 ettins
  A blizzard demon (Zot:2)
  An eidolon (Depths:2)
  A deep elf death mage (Vaults:5)
  A jiangshi (WizLab)
  A deep elf high priest (Elf:3)
  2 yaktaur captains
  6 hydras
  An ogre mage (Vaults:5)
  3 ironbound frosthearts
  A ghost crab (Swamp:1)
  3 anacondas
  3 vault guards
  5 naga warriors
  2 centaur warriors
  An alligator (Swamp:4)
  3 death yaks
  A deep troll shaman (Depths:3)
  A tengu warrior (Depths:1)
  2 deep troll earth magi
  4 naga sharpshooters
  2 dancing weapons (Elf:2)
  A deep elf knight (Elf:2)
  5 hell knights
  An iron troll (Depths:3)
  2 goliath frogs
  A skeletal warrior (WizLab)
  2 spriggan druids (Swamp:4)
  A death drake (shapeshifter) (Vaults:5)
  2 phantasmal warriors (Vaults:5)
  12 deep trolls
  2 swamp dragons
  2 bog bodies
  A spriggan rider (Swamp:2)
  A wizard (Vaults:2)
  5 ironbound convokers
  3 lindwurms
  2 deep elf zephyrmancers (Elf:2)
  An orc knight (Zig:8)
  2 deep elf pyromancers
  8 mana vipers
  A necromancer (Depths:4)
  A will-o-the-wisp (Swamp:3)
  A spectral boulder beetle (Zig:7)
  9 ugly things
  A spectral shock serpent (Snake:4)
  3 naga magi
  3 salamanders
  2 elephants (Lair:4)
  2 guardian serpents
  A moth of wrath (Zot:3)
  15 black mambas
  A vault sentinel (Vaults:2)
  3 yaktaurs
  3 torpor snails
  2 freezing wraiths (Swamp:4)
  A human zombie (Vaults:1)
  2 rime drakes
  4 cane toads
  3 komodo dragons
  A troll (D:12)
  4 hornets
  6 tyrant leeches
  2 blink frogs (Lair:2)
  A raiju (Lair:5)
  7 slime creatures
  2 dream sheep (Lair:2)
  Sigmund (D:6)
  A spriggan (Swamp:4)
  5 wyverns (Lair:5)
  A vampire (Vaults:2)
  A wraith (D:10)
  12 yaks
  Grum (D:9)
  2 vampire mosquitoes
  A steam dragon (Lair:2)
  2 swamp worm simulacra (Swamp:4)
  8 nagas
  7 swamp worms
  6 hydra simulacra (Swamp:4)
  5 water moccasins (Lair:5)
  3 orc warriors
  2 hell hounds (Depths:1)
  A sky beast (D:7)
  3 ogres
  3 wolves
  A centaur (Orc:2)
  4 bullfrogs
  A necrophage (D:6)
  2 gnoll sergeants
  5 wights
  A troll zombie (D:9)
  A basilisk zombie (Crypt:1)
  A jelly (Lair:5)
  4 orc wizards
  A hell rat (Lair:4)
  An ogre zombie (D:9)
  2 gnolls
  A river rat (Sewer)
  2 swamp drake simulacra (Swamp:4)
  13 orcs
  A quokka (Sewer)
  A frilled lizard (Sewer)
  A goblin skeleton (D:9)
  A goblin zombie (D:9)
  An orc zombie (D:9)
  A rat (Sewer)
  A bush (Lair:4)
380 creatures vanquished.

Vanquished Creatures (others)
  An ancient lich (Zot:5)
  A quicksilver dragon (Depths:3)
  A shadow dragon (Zot:5)
  A draconian knight (Zot:1)
  A draconian shifter (Zot:5)
  3 spectral tentacled monstrosities
  3 Killer Klown zombies (Zot:5)
  A vampire knight (Depths:3)
  A red draconian (Zot:2)
  A yellow draconian (Depths:4)
  12 very ugly thing zombies
  A deep elf death mage (Crypt:2)
  A quicksilver dragon zombie (Depths:3)
  15 Orb Guardian zombies (Zot:5)
  A fenstrider witch zombie (Swamp:4)
  A spectral entropy weaver (Vaults:2)
  A naga sharpshooter (Snake:4)
  A titan zombie (Vaults:5)
  6 storm dragon zombies
  2 spark wasp zombies (Depths:2)
  An anaconda zombie (Snake:4)
  A spriggan druid (Swamp:4)
  4 golden dragon zombies
  A shadow dragon zombie (Zot:5)
  An ironbound convoker (Vaults:5)
  An entropy weaver zombie (Vaults:5)
  A goliath frog zombie (Swamp:1)
  A wizard (Vaults:2)
  A glowing orange brain (Depths:3)
  A steelbarb worm (shapeshifter) (Depths:3)
  13 ugly thing zombies
  A frost giant zombie (Depths:3)
  A wolf spider zombie (Lair:5)
  7 draconian zombies
  4 stone giant zombies
  2 fire giant zombies
  A spectral soul eater (Crypt:3)
  A black mamba (Snake:4)
  3 dire elephant zombies (Vaults:1)
  A spectral rakshasa (Depths:2)
  2 yellow draconian zombies
  3 white draconian zombies
  3 purple draconian zombies
  6 red draconian zombies
  5 swamp worm zombies
  2 black draconian zombies (Zot:2)
  3 green draconian zombies
  3 redback zombies
  4 spectral glowing orange brains
  A hydra zombie (Swamp:4)
  2 mana viper zombies (Snake:2)
  6 moth of wrath zombies
  A bloated husk (Swamp:2)
  2 guardian serpent zombies
  2 fire dragon zombies
  3 ice dragon zombies
  A spectral floating eye (Depths:3)
  An alligator zombie (Swamp:4)
  A boulder beetle zombie (D:15)
  14 black mamba zombies
  3 ettin zombies
  2 flying skulls (WizLab)
  An air elemental (Zig:9)
  A wind drake zombie (D:15)
  3 slime creature zombies
  3 spriggan zombies
  A yak (D:7)
  48 human zombies
  A naga (Snake:2)
  18 deep troll zombies
  6 cane toad zombies
  An orc warrior (Orc:2)
  28 elf zombies
  4 hornet zombies (Lair:5)
  A human (D:5)
  A manticore zombie (D:15)
  3 lindwurm zombies
  14 naga zombies
  2 blink frog zombies
  A rime drake zombie (Lair:5)
  5 vampire mosquito zombies
  A komodo dragon zombie (Lair:4)
  6 yaktaur zombies
  3 salamander zombies
  A cyclops zombie (D:15)
  6 water moccasin zombies (Lair:5)
  2 wyvern zombies (Lair:5)
  A warg zombie (Orc:2)
  A raiju zombie (Lair:5)
  8 yak zombies
  2 tengu zombies (Depths:1)
  5 wolf zombies
  2 bullfrog zombies
  15 centaur zombies
  A jelly (D:6)
  A boggart zombie (D:14)
  An acid dragon zombie (D:11)
  5 ogre zombies
  A hound zombie (D:7)
  A howler monkey zombie (D:14)
  A worm zombie (D:7)
  A jelly zombie (D:7)
  A spectral shadow imp (D:6)
  12 gnoll zombies
  2 river rat zombies (Lair:4)
  A frilled lizard zombie (Sewer)
  A giant cockroach zombie (D:6)
  4 kobold zombies
  32 orc zombies
  3 rat zombies (Sewer)
  2 briar patches (Swamp:1)
  16 foxfires
  53 fungi
  121 plants
  5 starspawn tentacles (Swamp:2)
632 creatures vanquished.

Grand Total: 3033 creatures vanquished

Notes
Turn   | Place    | Note
-------+----------+-------------------------------------------
     0 | D:1      | TittyCrusher the Ghoul Wanderer began the quest for the
                  | Orb.
     0 | D:1      | TittyCrusher set off with the following items: a +2 dagger,
                  | 3 curare-tipped darts, a +0 buckler, a scroll of fear, a +0
                  | leather armour; and the following spell memorised: Freeze;
                  | and the following spells available to memorise: Frozen
                  | Ramparts.
     0 | D:1      | Reached XP level 1. HP: 17/17 MP: 1/1
   296 | D:1      | Reached XP level 2. HP: 22/25 MP: 2/2
  1330 | D:2      | Found Biasoj's One-of-a-Kind Rings.
  1334 | D:2      | Bought a +1 ring of slaying for 60 gold pieces
  1441 | D:2      | Reached XP level 3. HP: 31/31 MP: 3/3
  1778 | D:3      | Reached XP level 4. HP: 41/41 MP: 4/4
  2459 | D:4      | Noticed a phantom
  2570 | D:3      | Reached skill level 1 in Long Blades
  2778 | D:4      | Reached XP level 5. HP: 47/47 MP: 5/5
  2911 | D:3      | Reached skill level 2 in Long Blades
  3115 | D:4      | Found a radiant altar of Vehumet.
  3151 | D:4      | Found a basalt altar of Yredelemnul.
  3350 | D:3      | You fall into a shaft and drop 2 floors!
  3350 | D:5      | Entered Level 5 of the Dungeon
  3416 | D:5      | Noticed an orc warrior
  3433 | D:5      | Killed an orc warrior
  3434 | D:5      | Reached skill level 3 in Long Blades
  3434 | D:5      | Reached XP level 6. HP: 30/55 MP: 6/6
  3439 | D:5      | Found Teopaink's Weapon Emporium.
  3754 | D:5      | Found Quiseaq's Gadget Gallery.
  3802 | D:5      | Reached skill level 4 in Long Blades
  3903 | D:5      | Bought a wand of flame (7) for 53 gold pieces
  3919 | D:5      | Found a sparkling altar of Nemelex Xobeh.
  4217 | D:4      | Identified the +1 robe of Howling Wind {Will- MP+9 Dex+6}
  4618 | D:5      | Found an ancient bone altar of Kikubaaqudgha.
  4631 | D:5      | Reached skill level 5 in Long Blades
  4631 | D:5      | Reached XP level 7. HP: 29/60 MP: 7/7
  4633 | D:5      | Noticed a human
  4634 | D:5      | Killed a human
  4643 | D:5      | Found a staircase to the Ecumenical Temple.
  4652 | Temple   | Entered the Ecumenical Temple
  4973 | D:5      | Identified the +1 chain mail of Daisies {rElec rC+ rCorr
                  | Int+7}
  5602 | D:4      | Became a worshipper of Yredelemnul the Dark
  5753 | D:6      | Found a glowing drain.
  5766 | D:6      | Reached skill level 6 in Long Blades
  5770 | D:6      | Reached * piety under Yredelemnul
  5773 | Sewer    | Entered a sewer
  5931 | Sewer    | Reached ** piety under Yredelemnul
  6005 | Sewer    | Reached *** piety under Yredelemnul
  6164 | D:6      | Noticed Sigmund
  6225 | D:6      | Reached XP level 8. HP: 61/67 MP: 8/8
  6228 | D:6      | Reached skill level 7 in Long Blades
  6284 | D:6      | Found a shadowy altar of Dithmenos.
  6419 | D:6      | Reached skill level 8 in Long Blades
  6642 | D:6      | Found an opulent altar of Gozag.
  6843 | D:6      | Found a burning altar of Makhleb.
  6843 | D:6      | Noticed a blizzard demon
  6929 | D:7      | Found Toompumih's Weapon Emporium.
  6963 | D:7      | Found a hazy altar of Hepliaklqana.
  7035 | D:7      | Found Kuoning's Magic Scroll Shop.
  7139 | D:7      | Reached skill level 9 in Long Blades
  7244 | D:7      | Found a stormy altar of Qazlal.
  7390 | D:7      | Reached XP level 9. HP: 55/73 MP: 9/9
  7974 | D:7      | Reached skill level 10 in Long Blades
  8494 | D:7      | Found a snail-covered altar of Cheibriados.
  8964 | D:7      | Found an ornate altar of the Wu Jian Council.
  9838 | D:6      | Reached skill level 11 in Long Blades
 10016 | D:6      | Killed Sigmund
 10374 | D:8      | Reached skill level 12 in Long Blades
 10374 | D:8      | Reached XP level 10. HP: 80/80 MP: 10/10
 10569 | D:8      | Found a staircase to the Lair.
 10809 | D:8      | Found an iron altar of Okawaru.
 10811 | D:8      | Found a broken altar of Ashenzari.
 10815 | D:8      | Found a hide-covered altar of Uskayaw.
 10917 | D:8      | Found a shimmering blue altar of Sif Muna.
 11228 | D:9      | Reached skill level 13 in Long Blades
 11552 | D:9      | Noticed Grum
 11574 | D:9      | Killed Grum
 11614 | D:9      | Reached **** piety under Yredelemnul
 11901 | D:9      | Found a staircase to the Orcish Mines.
 11943 | D:9      | Reached skill level 14 in Long Blades
 12147 | D:9      | Reached skill level 1 in Armour
 12507 | D:9      | Reached XP level 11. HP: 30/85 MP: 11/11
 13204 | D:9      | Found Vupraz's Fire Supplies.
 13583 | Orc:1    | Entered Level 1 of the Orcish Mines
 13585 | Orc:1    | Found Kaugior's General Store.
 13595 | Orc:1    | Reached skill level 5 in Armour
 13678 | Orc:1    | Noticed an orc knight
 13856 | Lair:1   | Entered Level 1 of the Lair of Beasts
 14355 | Lair:1   | Noticed a five-headed hydra
 14605 | D:8      | Reached skill level 1 in Dodging
 14742 | D:10     | Entered Level 10 of the Dungeon
 15130 | D:10     | Noticed an orange crystal statue
 15131 | D:10     | Noticed a two-headed ogre
 15390 | D:10     | Found a portal to a secret trove of treasure.
 16011 | D:10     | Noticed a two-headed ogre
 16018 | D:10     | Killed a two-headed ogre
 16019 | D:10     | Reached skill level 5 in Dodging
 16157 | D:10     | Reached skill level 1 in Invocations
 16950 | D:11     | Got the Directory of Ozone
 17236 | D:11     | Noticed a boulder beetle
 17243 | D:11     | Noticed a two-headed ogre
 17259 | D:11     | Noticed a cyclops
 17262 | D:11     | Noticed a two-headed ogre
 17561 | Lair:1   | Reached skill level 5 in Fighting
 17561 | Lair:1   | Reached XP level 12. HP: 94/94 MP: 13/13
 18104 | Lair:1   | Reached ***** piety under Yredelemnul
 18183 | Lair:1   | Killed a five-headed hydra
 18184 | Lair:1   | Reached skill level 5 in Invocations
 18570 | Lair:2   | Found a staircase to the Snake Pit.
 19559 | Lair:2   | Noticed an eight-headed hydra
 19566 | Lair:2   | Killed an eight-headed hydra
 20730 | Lair:3   | Reached skill level 10 in Fighting
 20730 | Lair:3   | Reached XP level 13. HP: 76/113 MP: 18/18
 20975 | Lair:3   | Found a staircase to the Swamp.
 21649 | D:7      | Bought the +2 scimitar of the Imbibing Owl {elec, *Corrode
                  | rN+ Will+ Dex+6} for 525 gold pieces
 22511 | Lair:4   | Reached skill level 5 in Shields
 22606 | Lair:4   | Reached ****** piety under Yredelemnul
 23354 | Lair:5   | Entered Level 5 of the Lair of Beasts
 23572 | Lair:5   | Reached XP level 14. HP: 101/124 MP: 13/19
 23944 | Lair:5   | Reached skill level 10 in Invocations
 24096 | Lair:5   | Noticed Nessos
 24109 | Lair:5   | Noticed Nessos
 24109 | Lair:5   | Nessos changed into Nessos the raiju
 24120 | Lair:5   | Killed Nessos the raiju
 24623 | Lair:5   | Your ally Nessos died
 24719 | Lair:5   | Found a staircase to the Slime Pits.
 24723 | Lair:5   | Found a viscous altar of Jiyva.
 25396 | Lair:5   | Found a runed translucent door.
 26732 | D:2      | Bought the ring of Naasen {rPois Will+ Str+6 Int-4 Dex+5}
                  | for 549 gold pieces
 27216 | Orc:1    | Noticed Harold
 27229 | Orc:1    | Killed Harold
 27282 | D:9      | Bought a +1 cloak of fire resistance for 181 gold pieces
 27585 | Orc:2    | Entered Level 2 of the Orcish Mines
 28496 | Orc:2    | Found a staircase to the Elven Halls.
 28618 | Orc:2    | Found Zeaxur's Distillery.
 28828 | Orc:2    | Found Emecuc's Antique Armour Emporium.
 28828 | Orc:2    | Found Tialibyn's Assorted Antiques.
 28830 | Orc:2    | Found Xetow's General Store.
 28832 | Orc:2    | Found Suvanivu's Magic Scroll Shoppe.
 28948 | Orc:2    | Bought a twisted chain mail for 266 gold pieces
 28948 | Orc:2    | Identified the +0 chain mail of the Armadillo {Harm Str-3
                  | Int+4 SInv} (You bought it in a shop on level 2 of the
                  | Orcish Mines)
 28952 | Orc:2    | Bought a scroll of fear for 60 gold pieces
 28952 | Orc:2    | Bought a scroll of teleportation for 45 gold pieces
 29011 | Orc:1    | Reached skill level 15 in Long Blades
 29554 | D:11     | Reached XP level 15. HP: 107/130 MP: 23/23
 30203 | Orc:2    | Bought a potion of experience for 650 gold pieces
 30203 | Orc:2    | Reached skill level 16 in Long Blades
 30203 | Orc:2    | Reached XP level 16. HP: 137/137 MP: 24/24
 32343 | D:13     | Identified the +0 scale mail of Rationality {Str+6 Stlth+}
 33696 | D:14     | Identified the +6 shortbow "Koimp" {venom, MP+9}
 34021 | D:14     | Noticed Frances
 34366 | Orc:2    | Bought a potion of might for 68 gold pieces
 34701 | D:14     | Killed Frances
 35070 | D:14     | Found a gate to the Vaults.
 35559 | D:15     | Entered Level 15 of the Dungeon
 36888 | D:15     | Found a staircase to the Depths.
 37538 | Elf:1    | Entered Level 1 of the Elven Halls
 38110 | Elf:1    | Found Meatir's Weapon Emporium.
 38184 | Elf:1    | Reached XP level 17. HP: 28/144 MP: 25/25
 38545 | Elf:1    | Identified the ring "Jicyolui" {+Blink Will+ Dex+2}
 39312 | Orc:2    | Bought a potion of might for 112 gold pieces
 39393 | D:7      | Bought a scroll of blinking for 90 gold pieces
 40344 | Elf:2    | Reached skill level 1 in Evocations
 40811 | Elf:2    | Found a runed translucent gate.
 40811 | Elf:2    | Found a runed translucent gate.
 40811 | Elf:2    | Found a runed translucent gate.
 40838 | Elf:3    | Entered Level 3 of the Elven Halls
 41173 | Elf:3    | Noticed a Tzitzimitl
 41651 | Elf:3    | Reached skill level 5 in Evocations
 44412 | Elf:2    | Noticed a deep elf blademaster
 44422 | Elf:2    | Killed a deep elf blademaster
 45299 | D:7      | Bought a scroll of poison for 48 gold pieces
 45299 | D:7      | Bought a scroll of teleportation for 36 gold pieces
 45347 | Orc:1    | Bought a potion of haste for 120 gold pieces
 46326 | Elf:3    | Reached XP level 18. HP: 154/161 MP: 26/26
 46787 | Elf:3    | Reached skill level 15 in Fighting
 46797 | Elf:3    | Noticed a deep elf master archer
 46806 | Elf:3    | Killed a deep elf master archer
 46812 | Elf:3    | Noticed a deep elf blademaster
 46863 | Elf:3    | Identified the amulet "Emusistremump" {*Slow Regen+ Dex+7}
 46863 | Elf:3    | Noticed a deep elf master archer
 46873 | Elf:3    | Killed a deep elf master archer
 47277 | Orc:1    | Bought a potion of heal wounds for 60 gold pieces
 47466 | Elf:3    | Identified the ring of Cofipp {rElec rF+ rC+ rN++ Str-4}
 47566 | Elf:3    | Identified the +6 leather armour of Chimes {rC++}
 47880 | Elf:3    | Identified the +2 leather armour of Green Mirth {rF+}
 47893 | Elf:3    | Killed a deep elf blademaster
 48192 | Elf:3    | Identified the +0 robe of the Blue Moon {Archmagi}
 48205 | Elf:3    | Identified the +2 long sword of Iconoclasm {flame, rN+}
 48211 | Elf:3    | Got the Writings on Hot Allies
 48218 | Elf:3    | Got the Anthology of Fascination
 48585 | Orc:2    | Bought a scroll of enchant armour for 112 gold pieces
 48756 | Swamp:1  | Entered Level 1 of the Swamp
 49302 | Swamp:1  | Found a transporter.
 49353 | Swamp:1  | Reached skill level 10 in Shields
 49377 | Swamp:1  | Found a transporter.
 49925 | Swamp:2  | Noticed Mlioglotl
 49939 | Swamp:2  | Killed Mlioglotl
 50455 | Swamp:2  | You fall into a shaft and drop 1 floor!
 50722 | Swamp:2  | Noticed Louise
 50752 | Swamp:2  | Killed Louise
 51411 | Swamp:4  | Entered Level 4 of the Swamp
 52203 | Swamp:4  | Found the +8 lance "Wyrmbane" {slay drac, rPois rF+ rC+
                  | AC+3}
 52392 | Swamp:4  | Reached XP level 19. HP: 172/172 MP: 27/27
 52413 | Swamp:4  | Reached skill level 15 in Shields
 52614 | Swamp:4  | Got a decaying rune of Zot
 52775 | Swamp:1  | Identified the ring "Rafiy" {rF+ Will+ MP+9 Slay+2}
 52779 | Swamp:1  | Identified the +2 pair of gloves of Marbles {rPois Str+2}
 53019 | Snake:1  | Entered Level 1 of the Snake Pit
 53321 | D:5      | Bought a condenser vane for 440 gold pieces
 54479 | Snake:2  | Reached skill level 15 in Invocations
 54635 | Snake:2  | Found Xuraf's Distillery.
 54644 | Snake:2  | Bought a potion of heal wounds for 85 gold pieces
 54644 | Snake:2  | Bought a potion of might for 68 gold pieces
 55324 | D:7      | Bought a scroll of enchant armour for 90 gold pieces
 55406 | Orc:2    | Bought a scroll of fear for 52 gold pieces
 55603 | Snake:3  | Found Xuak Zoe's Magic Scroll Shop.
 55758 | Snake:3  | Noticed Agnes
 55781 | Snake:3  | Killed Agnes
 56296 | Snake:3  | Noticed Aizul
 56308 | Snake:3  | Killed Aizul
 56448 | Snake:3  | Reached skill level 17 in Long Blades
 56906 | Snake:4  | Entered Level 4 of the Snake Pit
 57492 | Snake:4  | Found a blossoming altar of Fedhas.
 57496 | Snake:4  | Found Mab Lula's Assorted Antiques.
 57506 | Snake:4  | Identified the +2 robe "Hosofag" {Str+3}
 57706 | Snake:4  | Found a runed translucent door.
 57708 | Snake:4  | Noticed Jingleheimer's ghost (adept MiFi)
 57745 | Snake:4  | Killed Jingleheimer's ghost
 57756 | Snake:4  | Identified a scroll of acquirement
 57757 | Snake:4  | Acquired a +2 demon blade of draining
 58002 | Snake:4  | Noticed Vashnia
 58012 | Snake:4  | Killed Vashnia
 58013 | Snake:4  | Reached skill level 18 in Long Blades
 58374 | Snake:4  | Reached XP level 20. HP: 147/180 MP: 32/32
 58672 | Snake:4  | Got a serpentine rune of Zot
 59361 | Vaults:1 | Entered Level 1 of the Vaults
 59472 | Vaults:1 | Reached skill level 19 in Long Blades
 59480 | Vaults:1 | Found Vetonol's Antique Armour Emporium.
 59541 | Vaults:1 | Bought a pair of glowing boots for 307 gold pieces
 60186 | Vaults:1 | Noticed Zenata
 60614 | Vaults:1 | Reached skill level 10 in Armour
 60900 | Vaults:1 | Killed Zenata
 61761 | Vaults:2 | Reached XP level 21. HP: 187/187 MP: 33/33
 61814 | Vaults:2 | Found a staircase to the Crypt.
 62508 | Vaults:2 | Reached skill level 10 in Evocations
 62589 | Vaults:2 | Reached skill level 10 in Dodging
 63324 | Crypt:1  | Entered Level 1 of the Crypt
 63792 | Crypt:1  | Reached XP level 22. HP: 194/194 MP: 34/34
 63948 | Crypt:1  | Noticed a royal mummy
 63955 | Crypt:1  | Noticed a royal mummy
 63978 | Crypt:1  | Killed a royal mummy
 64055 | Crypt:1  | Noticed Khufu
 64081 | Crypt:1  | Killed Khufu
 64101 | Crypt:1  | Killed a royal mummy
 64795 | Crypt:1  | Found the +8 orange crystal plate armour {Archmagi, Int+3
                  | Clar}
 66597 | Crypt:2  | Reached XP level 23. HP: 184/201 MP: 35/35
 67324 | Crypt:3  | Entered Level 3 of the Crypt
 67584 | Crypt:2  | Reached skill level 15 in Dodging
 68627 | Crypt:2  | Found a basalt altar of Yredelemnul.
 68875 | Crypt:3  | Identified the ring "Luurph" {Ice *Corrode rElec Will+
                  | Int+3}
 68875 | Crypt:3  | Noticed Josephina
 68903 | Crypt:3  | Killed Josephina
 69501 | Crypt:3  | Found a staircase to the Tomb.
 69820 | Crypt:3  | Noticed Saint Roka
 69838 | Crypt:3  | Killed Saint Roka
 70708 | Crypt:3  | Noticed a dread lich
 70721 | Crypt:3  | Killed a dread lich
 70725 | Crypt:3  | Identified the ring "Ususaoss" {MP+9 Str+2}
 70727 | Crypt:3  | Got Zeidu's Omnibus of the Desert
 70750 | Crypt:3  | Identified the ring "Osiuf" {rC+ Will+ SInv}
 71751 | Vaults:3 | Reached XP level 24. HP: 210/210 MP: 35/35
 71816 | Vaults:3 | Identified the +0 scale mail of the Tuna {Rampage rElec}
 72233 | Vaults:3 | Noticed Boris
 72245 | Vaults:3 | Killed Boris
 72570 | Vaults:4 | Found a magical portal.
 72708 | WizLab   | Entered Borgnjor's Mausoleum
 73263 | WizLab   | Reached skill level 15 in Armour
 74476 | Vaults:4 | Noticed Xtahua
 74483 | Vaults:4 | Killed Xtahua
 75875 | Orc:2    | Bought a potion of haste for 170 gold pieces
 75875 | Orc:2    | Bought a potion of curing for 51 gold pieces
 75875 | Orc:2    | Bought a potion of resistance for 170 gold pieces
 76029 | Snake:2  | Bought a potion of invisibility for 136 gold pieces
 76029 | Snake:2  | Bought a potion of haste for 170 gold pieces
 76029 | Snake:2  | Bought a potion of haste for 170 gold pieces
 76063 | Snake:3  | Bought a scroll of fear for 60 gold pieces
 76183 | Orc:1    | Bought a scroll of summoning for 114 gold pieces
 76513 | D:10     | You paid a toll of 7 potions of haste to enter a treasure
                  | trove
 76514 | Trove    | Entered a treasure trove
 76518 | Trove    | Identified the +9 double sword "Ymifuyr" {flame, rElec MP+9
                  | Int+3}
 76522 | Trove    | Identified the +1 scimitar of Uregytye {spect, rC++ Int-3
                  | SInv}
 76524 | Trove    | Identified the +9 scimitar "Newtbane" {pain, Int+2 Dex+3
                  | Stlth-}
 76528 | Trove    | Identified the +11 shortbow of Luophuc {freeze, rPois Str+9
                  | Dex+4}
 76536 | Trove    | Identified the +11 rapier of the Tiger {vorpal, *Rage Str+8
                  | Int+2 Dex+3}
 76538 | Trove    | Identified the +10 double sword "Jellyslayer" {drain, rElec
                  | Int+2 Stlth-}
 76635 | D:7      | Bought a scroll of enchant weapon for 90 gold pieces
 78181 | Vaults:5 | Entered Level 5 of the Vaults
 78327 | Vaults:5 | Reached skill level 20 in Long Blades
 78339 | Vaults:5 | Reached XP level 25. HP: 216/216 MP: 15/35
 78737 | Vaults:5 | Reached skill level 21 in Long Blades
 78906 | Vaults:5 | Identified the +7 shortbow of Okawaru, Grinning {venom, rF-
                  | rC+ rN+ Dex+2}
 78909 | Vaults:5 | Paralysed by a sphinx for 5 turns
 79004 | Vaults:5 | Identified the +8 lajatang "Lifebane" {venom, rElec rN+
                  | rCorr}
 79017 | Vaults:5 | Got a silver rune of Zot
 79044 | Vaults:5 | Identified the +5 morningstar of Quicaop {vorpal, Fly MP+9
                  | SInv}
 79120 | Vaults:5 | Found the +12 glaive of Prune {vorpal}
 79203 | Vaults:5 | Noticed a dread lich
 79218 | Vaults:5 | Killed a dread lich
 79249 | Vaults:5 | Reached skill level 22 in Long Blades
 79271 | Vaults:5 | Identified the +2 ring mail of Noint {Dex+3}
 79279 | Vaults:5 | Identified the +6 war axe of Indomitability {antimagic,
                  | rElec rF+ SInv}
 79314 | Vaults:5 | Found Ohidgh's Assorted Antiques.
 79321 | Vaults:5 | Bought a potion of heal wounds for 180 gold pieces
 79321 | Vaults:5 | Identified the +0 ring mail of Okawaru's Benevolence
                  | {Int+5}
 80073 | Depths:1 | Entered Level 1 of the Depths
 80115 | Depths:1 | Found a gateway to Hell.
 80452 | Depths:1 | Found Amidaimp's Demolitions Depot.
 80532 | Depths:1 | Found a sacrificial altar of Ru.
 80571 | Depths:1 | Learned a level 2 spell: Blink
 80625 | Depths:1 | Found a one-way gateway to a ziggurat.
 80638 | Depths:1 | Paralysed by a floating eye for 4 turns
 80650 | Depths:1 | Reached skill level 1 in Translocations
 81205 | Depths:1 | Reached skill level 5 in Translocations
 81382 | Depths:2 | Reached XP level 26. HP: 222/224 MP: 35/35
 81621 | Depths:2 | Found a corrupted altar of Lugonu.
 81621 | Depths:2 | Found a one-way gate to the infinite horrors of the Abyss.
 81648 | Depths:2 | Identified the +1 ring mail of the Bouncing Xenops {Slay+3}
 81706 | Depths:2 | Noticed Boris
 81739 | Depths:2 | Killed Boris
 82118 | Depths:2 | Found a stormy altar of Qazlal.
 82868 | Depths:2 | Reached skill level 10 in Translocations
 82960 | Depths:2 | Noticed Jory
 82999 | Depths:2 | Killed Jory
 83022 | Depths:2 | Got Qoyh's Volume of Fire and Transfiguration
 83206 | Depths:2 | Found a one-way gate leading to the halls of Pandemonium.
 83676 | Depths:3 | Identified the +12 chain mail of Impatience {+Inv rElec
                  | Will+ rCorr}
 83746 | Depths:3 | Paralysed by a floating eye for 4 turns
 83775 | Depths:3 | Reached skill level 5 in Spellcasting
 83789 | Depths:3 | Noticed an ancient lich
 84267 | Depths:3 | Noticed Sojobo
 84318 | Depths:3 | Killed Sojobo
 84319 | Depths:3 | Killed an ancient lich
 84436 | Depths:3 | Identified the +1 robe of Kytun {rF+ Dex+2}
 84688 | Depths:4 | Entered Level 4 of the Depths
 84865 | Depths:4 | Reached XP level 27. HP: 188/231 MP: 26/35
 84899 | Depths:4 | Found a gate to the Realm of Zot.
 85590 | Depths:4 | Found an opulent altar of Gozag.
 85630 | Depths:4 | Found an ornate altar of the Wu Jian Council.
 86317 | Zig:1    | Entered Level 1 of a ziggurat
 86334 | Zig:2    | Entered Level 2 of a ziggurat
 86421 | Zig:2    | Identified the +3 scimitar of Ilovuzan {vorpal, rF+ rC+
                  | rN+}
 86513 | Zig:3    | Entered Level 3 of a ziggurat
 86529 | Zig:3    | Paralysed by a wendigo for 1 turns
 86530 | Zig:3    | Reached skill level 23 in Long Blades
 86640 | Zig:4    | Entered Level 4 of a ziggurat
 86718 | Zig:5    | Entered Level 5 of a ziggurat
 86835 | Zig:6    | Entered Level 6 of a ziggurat
 86864 | Zig:6    | Identified the amulet "Juituik" {Reflect rElec rF+ Str+2
                  | SH+5}
 86867 | Zig:6    | Got the Parchment of Mutated Mustering
 86878 | Zig:7    | Entered Level 7 of a ziggurat
 86920 | Zig:7    | Identified the +8 flail of Exchange {flame, *Slow +Blink
                  | rPois rN+}
 87054 | Zig:8    | Entered Level 8 of a ziggurat
 87081 | Zig:8    | Noticed an ancient lich
 87102 | Zig:8    | Reached skill level 24 in Long Blades
 87133 | Zig:8    | Killed an ancient lich
 87147 | Zig:8    | Got the Book of Rallying
 87148 | Zig:8    | Identified the +2 robe of Sudaprec {rN+}
 87280 | Zig:9    | Entered Level 9 of a ziggurat
 87287 | Zig:9    | Paralysed by an air elemental for 1 turns
 87454 | Zig:9    | Identified the ring of Pizxecw {rElec EV+4}
 87524 | Zig:10   | Entered Level 10 of a ziggurat
 87534 | Zig:10   | Found the brooch of Shielding {Spirit SH+8}
 88006 | Zot:1    | Entered Level 1 of the Realm of Zot
 88033 | Zot:1    | Reached skill level 25 in Long Blades
 89009 | Snake:3  | Bought a scroll of enchant armour for 112 gold pieces
 91558 | Zot:3    | Noticed Vv
 91764 | Zot:3    | You are sucked into a shaft and drop 1 floor!
 92279 | Zot:4    | Acquired the ring "Waysud" {EV+4 Dex+6}
 92645 | Zot:3    | Found a transporter.
 92646 | Zot:3    | Found a transporter.
 92997 | Zot:3    | Found a transporter.
 93043 | Zot:3    | Found a transporter.
 93050 | Zot:3    | Identified the +0 leather armour of Ru's Hatred {Harm
                  | Dex+2}
 93233 | Zot:3    | Found a transporter.
 93235 | Zot:3    | Found a transporter.
 93428 | Zot:3    | Killed Vv
 93788 | Zot:5    | Entered Level 5 of the Realm of Zot
 93957 | Zot:5    | Noticed an orb of fire
 94131 | Zot:5    | Noticed an ancient lich
 94143 | Zot:5    | Killed an ancient lich
 94331 | Zot:5    | Noticed an ancient lich
 94337 | Zot:5    | Killed an ancient lich
 94337 | Zot:5    | Noticed an ancient lich
 94340 | Zot:5    | Noticed an orb of fire
 94343 | Zot:5    | Noticed a dread lich
 94344 | Zot:5    | Killed an ancient lich
 94352 | Zot:5    | Killed an orb of fire
 94673 | Zot:5    | Learned a level 1 spell: Apportation
 94778 | Zot:5    | Noticed an ancient lich
 94787 | Zot:5    | Killed an ancient lich
 94790 | Zot:5    | Noticed an ancient lich
 94804 | Zot:5    | Killed an ancient lich
 94806 | Zot:5    | Noticed an orb of fire
 94806 | Zot:5    | Noticed an orb of fire
 94814 | Zot:5    | Killed an orb of fire
 94815 | Zot:5    | Noticed a dread lich
 94833 | Zot:5    | Killed an orb of fire
 94846 | Zot:5    | Killed a dread lich
 94849 | Zot:5    | Noticed an ancient lich
 94870 | Zot:5    | Killed an ancient lich
 94903 | Zot:5    | Noticed a dread lich
 94917 | Zot:5    | Killed a dread lich
 95092 | Zot:5    | Killed a dread lich
 95139 | Zot:5    | Got the Orb of Zot
 95215 | Zot:2    | Noticed a seraph
 95251 | Zot:2    | Noticed Ithruomn the pandemonium lord
 95366 | Depths:2 | Noticed a seraph
 95729 | D:$      | Escaped with the Orb!

Illustrated notes

Levels and vault maps discovered:
D:1:      amcnicky_arrival_underground_garden, layout_basic,
          nicolae_eternal_life
D:2:      layout_rooms, serial_aquarium, aquarium_bridge_straight
          [aquarium_subvault_bridge, aquarium_subvault_wall,
          aquarium_subvault_bridge, aquarium_subvault_window],
          aquarium_window_corner, aquarium_window_corner, aquarium_view_2a,
          aquarium_view_2a, serial_bayou_ford_a, nicolae_shop_unique_rings
D:3:      layout_loops_ring, minmay_fountain_box
D:4:      layout_cave_pools, mainiacjoe_overflow_two_lobes, serial_rivers,
          chequers_serial_rivers_room_a, chequers_serial_rivers_micro_c,
          chequers_serial_rivers_room_b, chequers_serial_rivers_micro_c,
          chequers_serial_rivers_small_3
D:5:      layout_layer_cave, mainiacjoe_overflow_cross_hatched,
          tgw_kikubaaqudgha, minmay_temple_entry_drinking_statues,
          enter_ossuary_4, serial_shops, shop, nicolae_shop_gadgets
D:6:      layout_rooms, makhleb_altar_promises_db,
          mainiacjoe_overflow_concentric_impassable,
          grunt_dithmenos_smoke_and_mirrors, gup_sewer_entry_bubbles,
          uniq_sigmund
D:7:      layout_loops_cross, lemuel_tele_altar, cheibrodos_worm_habitat,
          worldfamousw_hep_ancestral_shrine,
          mainiacjoe_overflow_six_doors_small, serial_shops,
          nicolae_square_shop, shop
D:8:      layout_rooms, mainiacjoe_overflow_24_doors,
          grunt_temple_overflow_diamond, dpeg_oklobed_lair
D:9:      layout_loops_ring, zombieorc2_lemuel, nicolae_shop_fire_sale
          [nicolae_sub_dead_trees], uniq_grum
D:10:     kennysheep_seaside_town, layout_grid_maze, lemuel_doored_altar,
          enter_trove_0, minmay_protected_statue
D:11:     layout_loops_corners
D:12:     layout_roguey
D:13:     layout_roguey
D:14:     layout_basic, grunt_vaults_entry_fortified, infiniplex_staircase_star,
          uniq_frances
D:15:     grunt_enter_depths_snipers, layout_rooms, hangedman_decor_points
Temple:   nicolae_temple_superstar
Lair:1:   layout_big_grid, portal_ice_cave_entry_pillars_2, grunt_megastairs_5
Lair:2:   layout_concentric_octagons, minmay_snake_entry_guardpost_small
Lair:3:   wander_river, layout_cave_pods, swamp_mist, worms_lemuel
Lair:4:   layout_small_grid, kennysheep_rathole, serial_bayou_shore_b
Lair:5:   hangedman_lair_tendril_chambers, layout_long_grid, wormcave,
          minmay_slime_entry_pillars, serial_bayou_shore_b, uniq_nessos
Swamp:1:  gammafunk_worm_tunnel, layout_basic_swamp,
          evilmike_swamp_ruin_house_2, infiniplex_staircase_pool
Swamp:2:  layout_basic_swamp, evilmike_swamp_ruin_rubble_1, uniq_mlioglotl,
          uniq_louise
Swamp:3:  layout_basic_swamp, evilmike_swamp_ruin_house_1,
          infiniplex_staircase_pool_2
Swamp:4:  swamp_icy, layout_basic_swamp
Snake:1:  layout_gridlike, serial_bayou_shore_a
Snake:2:  layout_rooms, serial_shops, shop, hangedman_snake_corridor_cut
Snake:3:  layout_cave_town, serial_shops, nicolae_shop_advertising_works
          [nicolae_subvault_shop_adworks], uniq_aizul, uniq_agnes
Snake:4:  johnstein_snake_rune_scales, layout_gridlike,
          hellmonk_ghost_happy_afterlife, basic_altar, serial_shops, shop,
          nicolae_snake_serpentine_hallways, uniq_vashnia
Orc:1:    layout_caves, serial_shops, nicolae_shop_crystal, uniq_harold
Orc:2:    st_orc_rangers, layout_caves, serial_shops, nicolae_shop_hallway_plus,
          abandoned_shop, minmay_orc_temple_a
Elf:1:    nicolae_elf_arrival_fired_up, layout_loops_ring, serial_shops,
          nicolae_shop_bloodbath_and_beyond
Elf:2:    nicolae_elf_blades_splatter_lattice [mumra_blade_entry_dagger],
          layout_onion_city, serial_sigils_hangedman_quiver
Elf:3:    minmay_elf_hall_curves, layout_onion_city, eino_tiny_chamber
Vaults:1: vaults_room_hangedman_quadrants, vaults_dpeg_ring,
          ontoclasm_vaults_loading_screen, nicolae_vaults_angled_halls,
          hangedman_vaults_stitches, v_misc_27, nicolae_vaults_little_squares_2,
          v_misc_25, ontoclasm_vaults_misaligned, nicolae_vaults_theta,
          v_misc_26, nicolae_vaults_alarming, hangedman_vaults_nails,
          ontoclasm_vaults_fault, vaults_room_corners, layout_vaults_ring,
          serial_shops, nicolae_shop_crystal, uniq_zenata
Vaults:2: vaults_room_grid, v_rooms_2, v_misc_17, minmay_crypt_entry_vampire_xt,
          nicolae_vaults_statue_guard, vaults_standard_mumra_enter_the_diamond,
          vaults_room_boxed, grunt_vaults_twisty, v_misc_31, v_misc_24,
          nicolae_vaults_little_squares_1, vaults_mumra_hex, vaults_dpeg_hooks,
          vaults_dpeg_diagonal, layout_vaults_maze_snakey
Vaults:3: v_misc_1, v_misc_11, v_misc_25, ontoclasm_vaults_twist,
          hangedman_vaults_corner, vaults_dpeg_emergency_exit,
          ontoclasm_vaults_decontamination, vaults_dpeg_cross, v_rooms_1,
          layout_vaults_omnibox, uniq_boris
Vaults:4: lightli_enter_wizlab_magi_temple, nicolae_vaults_circle_grid_b,
          vaults_mumra_lcd, v_pattern_5, vaults_room_pool,
          vaults_room_semicircle, vaults_room_pools, layout_vaults_omnigrid,
          uniq_xtahua
Vaults:5
Crypt:1:  layout_gridlike, serial_sigils_hangedman_scratch, uniq_khufu
Crypt:2:  layout_misc_corridors, lemuel_upstairs_altar
Crypt:3:  due_elkab, layout_chaotic_city, uniq_josephina, uniq_saint_roka
Depths:1: thingy_vault, layout_basic, enter_ziggurat_a, hangedman_glass_teeth,
          pf_hell_entry_tar_river, chequers_jeans, nicolae_blasting_shop,
          st_stairs_3, nicolae_ru_the_path_less_chosen
Depths:2: due_jory_tower, layout_gridville, abyss_entry_flame_altar,
          rand_demon_pan_entry_4, grunt_qazlal_clouds, grunt_hell_entry_dis_mu,
          serial_bayou_crossing
Depths:3: minmay_the_grid_plus_closed [minmay_the_grid_odd_star,
          minmay_the_grid_tri_star, minmay_the_grid_armoury,
          minmay_the_grid_rooms, minmay_the_grid_prize_four_corners],
          layout_cross, nicolae_concentric_dashed_squares_wild,
          abyss_entry_small_statue_room, hell_entry, uniq_sojobo, uniq_grunn
Depths:4: grunt_zot_entry_alcove, layout_basic, grunt_gozag_breadcrumbs,
          hell_entry, nzn_wu_jian_contemplation, serial_bayou_shore_b,
          grunt_megastairs_3, serial_bayou_shore_b
Zot:1:    layout_cathedral_of_symmetry
Zot:2:    kennysheep_blocky_room, layout_basic
Zot:3:    layout_gridlike, serial_nicolae_subway, nicolae_sub_station_metal,
          nicolae_sub_station_stone, nicolae_sub_station_crystal, uniq_vv
Zot:4:    layout_twisted_circle
Zot:5:    layout_basic, nrook_zot_tub

Skill      XL: |  1  2  3  4  5  6  7  8  9 10 11 12 13 14 15 16 17 18 19 20 21 22 23 24 25 26 27 |
---------------+----------------------------------------------------------------------------------+-----
Fighting       | 3 4 5 10 11 14 15 23 | 23.5
Long Blades    | 1 3 5 6 9 12 14 15 16 18 19 20 22 25 | 25.4
Armour         | 2 6 8 12 13 17 18 19 | 19.3
Dodging        | 6 9 11 14 17 | 17.0
Invocations    | 3 8 9 13 18 | 18.4
Shields        | 8 14 15 16 | 16.9
Evocations     | 7 10 | 10.3
Translocations | 5 10 | 10.1
Spellcasting   | 6 |  6.8
Throwing       | |  2.6
Stealth        | |  1.1
Ice Magic      | |  2.1

Action                   |  1- 3 |  4- 6 |  7- 9 | 10-12 | 13-15 | 16-18 | 19-21 | 22-24 | 25-27 || total
-------------------------+-------+-------+-------+-------+-------+-------+-------+-------+-------++-------
Melee: Dagger            |   152 |   125 |   160 |    36 |    18 |     9 |       |       |       ||   500
       Falchion          |       |    36 |     6 |       |       |       |       |       |       ||    42
       Long sword        |       |       |   187 |   271 |       |       |       |       |       ||   458
       Scimitar          |       |       |       |   447 |   654 |  1317 |   609 |  1446 |       ||  4473
       Demon blade       |       |       |       |       |       |       |   688 |   510 |       ||  1198
       Double sword      |       |       |       |       |       |       |       |   117 |  2592 ||  2709
 Fire: Sling             |       |     5 |       |       |       |       |       |       |       ||     5
Throw: Stone             |       |       |       |       |       |     9 |       |       |       ||     9
 Cast: Blink             |       |       |       |       |       |       |       |       |     8 ||     8
Invok: Dark Bargain      |       |       |       |     8 |     2 |       |     1 |       |       ||    11
       Drain Life        |       |       |       |       |     6 |     1 |     3 |       |       ||    10
       Bind Soul         |       |       |       |       |       |       |     1 |       |       ||     1
       Recall Undead Har |       |       |       |       |       |       |       |       |     2 ||     2
 Abil: Evoke Blink       |       |       |       |       |       |       |       |     1 |       ||     1
Evoke: Wand              |       |     6 |    21 |    21 |     2 |    21 |       |     6 |     6 ||    83
       Box of beasts     |       |       |       |       |       |     1 |     1 |       |       ||     2
       Tin of tremorston |       |       |       |       |       |       |     4 |     6 |     5 ||    15
       Condenser vane    |       |       |       |       |       |       |     4 |     5 |     8 ||    17
       Lightning rod     |       |       |       |       |       |       |       |       |     4 ||     4
  Use: Potion            |     1 |     4 |     5 |     1 |     7 |    10 |     3 |     9 |    14 ||    54
       Scroll            |       |    10 |     5 |    15 |     8 |    18 |    16 |    11 |    33 ||   116
 Stab: Distracted        |       |       |     2 |     6 |    13 |    18 |    28 |    15 |    65 ||   147
       Sleeping          |       |       |       |       |       |     2 |       |       |       ||     2
       Invisible         |       |       |       |       |       |       |       |       |     9 ||     9
       Confused          |       |       |       |       |       |       |       |       |     3 ||     3
Armor: Leather armour    |    14 |       |       |       |       |       |       |       |       ||    14
       Ring mail         |    22 |    45 |   102 |       |       |       |       |       |       ||   169
       Chain mail        |       |       |     7 |   265 |   253 |   227 |   259 |   193 |       ||  1204
       Scale mail        |       |       |       |       |       |    50 |       |       |       ||    50
       Shadow dragon sca |       |       |       |       |       |   146 |    31 |       |       ||   177
       Crystal plate arm |       |       |       |       |       |       |       |   304 |  1052 ||  1356
Dodge: Dodged            |    71 |    86 |   144 |   156 |   243 |   515 |   314 |   653 |   976 ||  3158
Block: Buckler           |    21 |    21 |    46 |    71 |   164 |   468 |   159 |       |       ||   950
       Reflection        |       |       |       |       |       |     6 |    69 |     2 |       ||    77
       Kite shield       |       |       |       |       |       |       |   830 |  1541 |  2184 ||  4555
